 Seeded DCSS version 0.30-a0-125-g51eefa89be (webtiles) character file.

Game seed: 17246712331252751712 (custom seed)

6 wilfster70 the Trooper (level 1, 20/20 HPs)
             Began as a Minotaur Fighter on Sept 18, 2022.
             Quit the game on level 1 of the Dungeon.
             The game lasted 00:01:16 (95 turns).

wilfster70 the Trooper (Minotaur Fighter)             Turns: 95, Time: 00:01:16

Health: 20/20      AC:  9    Str: 20    XL:     1   Next: 75%
Magic:  0/0        EV:  9    Int:  5    God:
Gold:   10         SH:  4    Dex:  9    Spells: 0/0 levels left

rFire   . . .      SeeInvis .    a - +0 trident
rCold   . . .      Faith    .    c - +0 buckler
rNeg    . . .      Spirit   .    b - +0 scale mail
rPois   +          Reflect  .    (helmet restricted)
rElec   .          Harm     .    (no cloak)
rCorr   .          Rampage  .    (no gloves)
Will    .....                    e - +1 pair of boots of the Learner {rPois Stlth+}
Stlth   +.........               (no amulet)
HPRegen 0.06/turn                (no ring)
MPRegen 0.07/turn                (no ring)

@: studying Air Magic
A: horns 2, retaliatory headbutt
a: no special abilities


You were on level 1 of the Dungeon.
You visited 1 branch of the dungeon, and saw 1 of its levels.

You collected 10 gold pieces.

Inventory:

Hand Weapons
 a - a +0 trident (weapon)
Armour
 b - a +0 scale mail (worn)
 c - a +0 buckler (worn)
 e - the +1 pair of boots of the Learner (worn) {rPois Stlth+}
   (You acquired it on level 1 of the Dungeon)

   rPois:     It protects you from poison.
   Stlth:     It makes you more stealthy.
Potions
 d - a potion of might


   Skills:
 + Level 3.7 Fighting
 * Level 2.7 Polearms
 + Level 3.7 Armour
 + Level 3.7 Shields


You couldn't memorise any spells.
You didn't know any spells.
Your spell library was empty.

Dungeon Overview and Level Annotations

Branches:
Dungeon (1/15)

Altars:


Innate Abilities, Weirdness & Mutations

You have a pair of horns on your head.
You reflexively headbutt those who attack you in melee.


Message History

The endoplasm jiggles.
You closely miss the quokka.
The quokka is almost dead.
The quokka barely misses you. You furiously retaliate!
You headbutt the quokka.
You kill the quokka!
You reach to attack!
You puncture the endoplasm!
You kill the endoplasm!
No target in view!
An endoplasm comes into view.
The endoplasm quivers.
The endoplasm moves out of view.
You see here a scroll labelled OHUHEGH QICYXI.
You hit the endoplasm.
The endoplasm is severely wounded.
The endoplasm freezes you.
You are frozen.
You hit the endoplasm.
You kill the endoplasm!
e - a scroll labelled OHUHEGH QICYXI This is a scroll of acquirement!
Something appears at your feet!
e - the +1 pair of boots of the Learner {rPois Stlth+} You start putting on your armour.
You continue putting on the +1 pair of boots of the Learner {rPois Stlth+}. x4
You finish putting on the +1 pair of boots of the Learner {rPois Stlth+}.
There is a stone staircase leading down here.
Found a stone staircase leading down.
Found a robe.
A rat comes into view.
Found a scroll of acquirement.
Found 10 gold pieces.
The rat closely misses you.
You hit the rat.
You kill the rat!
You see here a rat corpse.
f - a scroll of acquirement You see here a manual of Air Magic.
Something appears at your feet!
You now have 10 gold pieces.
You pick up a manual of Air Magic and begin studying.
Are you sure you want to abandon this character and quit the game? (Confirm with "yes".)

#########
#.......#
#.......#
#.......#
#.......#
#.....@.#
####.......#
#..........#
#.##.......#
##.#..†.....#
#..#.########
# ##.##.#
#.####.....#
.........###


There were no monsters in sight!

Vanquished Creatures
  A bat (D:1)
  2 endoplasms (D:1)
  A quokka (D:1)
  A rat (D:1)
5 creatures vanquished.

Notes
Turn   | Place    | Note
-------+----------+-------------------------------------------
     0 | D:1      | wilfster70 the Minotaur Fighter began the quest for the
                  | Orb.
     0 | D:1      | Reached XP level 1. HP: 19/19 MP: 0/0
    34 | D:1      | Identified a scroll of acquirement
    34 | D:1      | Acquired the +1 pair of boots of the Learner {rPois Stlth+}
    86 | D:1      | Acquired a manual of Air Magic
    95 | D:1      | Quit the game

Illustrated notes

Levels and vault maps discovered:
D:1:      evilmike_arrival_plus, layout_rooms

Action                   || total
-------------------------++-------
Melee: Trident           ||     7
  Use: Scroll            ||     2
Armor: Scale mail        ||     1
Dodge: Dodged            ||     5

Table legend: (Time is in decaauts)
 A = Elapsed time spent in this place.
 B = Non-inter-level travel time spent in this place.
 C = Inter-level travel time spent in this place.
 D = Time resting spent in this place.
 E = Time spent auto-exploring this place.
 F = Levels seen in this place.
 G = Mean time per level.
                   A        B        C        D        E       F      G
               +--------+--------+--------+--------+--------+-----+--------+
         Total |     96 |     96 |      0 |      0 |      0 |   1 |   96.0 |
       Dungeon |     96 |     96 |      0 |      0 |      0 |   1 |   96.0 |
               +--------+--------+--------+--------+--------+-----+--------+

Top non-repeatable levels by time:
     D:1: 96 daAuts
